[Event "Team 45 45 League T82"]
[Site "Internet Chess Club"]
[Date "2019.10.06"]
[Round "2"]
[White "Hectormercado"]
[Black "Bumun"]
[Result "0-1"]
[WhiteElo "1543"]
[BlackElo "1581"]
[Opening "Scandinavian defense"]
[ECO "B01"]
[Time "16:20:09"]
[TimeControl "2700+45"]

1. e4 d5 2. exd5 Nf6 3. d4 Bg4 4. Nf3 Qxd5 5. Nc3 Qf5 6. Bd3 Bxf3 7. Bxf5 Bxd1
8. Nxd1 e6 9. Bd3 Nbd7 10. O-O O-O-O 11. c3 c5 12. Be3 Nd5 13. Bd2 cxd4 14. cxd4
N7f6 15. Ba5 Nb6 16. Rc1+ Kb8 17. Bxb6 axb6 18. Rc4 b5 19. Rc1 b4 20. Rc4 Nd5
21. Ne3 Nb6 22. Rcc1 Rxd4 23. Rfd1 Be7 24. Nc2 Rd6 25. Nxb4 Rhd8 26. a3 Bf6 27.
Rb1 Nc4 28. Bc2 Nd2 29. Ra1 Bxb2 30. Ra2 Bc3 31. h3 Nf3+ 32. gxf3 Rxd1+ 33. Bxd1
Rxd1+ 34. Kg2 Bxb4 35. axb4 Rb1 36. Rd2 Rxb4 37. Rd7 Rf4 38. Rd8+ Kc7 39. Re8 b5
40. Rh8 h6 41. Rg8 g6 42. Rh8 h5 43. Kg3 Rf5 44. f4 b4 45. Ra8 Rb5 46. Ra7+ Rb7
47. Ra1 b3 48. Rc1+ Kd6 49. Rd1+ Kc5 50. Rc1+ Kd4 51. Rd1+ Kc3 {White resigns}
0-1

[Event "Team 45 45 League T82"]
[Site "Internet Chess Club"]
[Date "2019.10.03"]
[Round "2"]
[White "BrerRabbit"]
[Black "Balderdash"]
[Result "1-0"]
[WhiteElo "1358"]
[BlackElo "1341"]
[Opening "Queen's pawn game, Darooha variation "]
[ECO "D02"]
[Time "19:01:35"]
[TimeControl "2700+45"]

1. Nf3 d5 2. d4 Nf6 3. g3 Nc6 4. c4 e6 5. a3 dxc4 6. Qa4 Bd7 7. Qxc4 Na5 8. Qc2
Nd5 9. Bg2 Nb6 10. Nbd2 Bb5 11. O-O g6 12. Re1 Bh6 13. Nb3 Bxc1 14. Raxc1 Nxb3
15. Qxb3 Bc6 16. Qc2 f6 17. e4 O-O 18. b3 Qe7 19. Qc5 Qd6 20. Qxd6 cxd6 21. Nd2
d5 22. f3 Rae8 23. Bf1 dxe4 24. fxe4 a6 25. Nc4 Nd7 26. Na5 Nb8 27. Nxc6 Nxc6
28. d5 Ne5 29. Kg2 exd5 30. exd5 Rd8 31. Red1 Rd6 32. Rc7 b5 33. a4 Ng4 34. Re1
Ne5 35. axb5 axb5 36. Bxb5 Rb8 37. Bc4 Rbd8 38. Ra1 Nf7 39. Raa7 Rf8 40. Rab7
Kg7 41. Rc6 Kh6 42. Rxf7 Rxf7 43. Rxd6 f5 44. Re6 Ra7 45. Re2 Rd7 46. Kf3 Kg5
47. h4+ Kh5 48. Kf4 h6 49. Rd2 Re7 50. Re2 Rf7 51. d6 Rf8 52. Ke5 Kg4 53. d7
Kxg3 54. Ke6 f4 55. Ke7 Ra8 56. d8=Q Ra7+ 57. Kf6 Kxh4 58. Kxg6+ Kg4 59. Qd4 Ra1
60. Qxa1 f3 61. Rf2 h5 62. Qg1+ Kf4 63. Qh2+ Ke3 64. Rxf3+ Kd4 65. Qf4+ Kc5 66.
Kxh5 Kb4 67. Qd2+ Kc5 68. Rf5+ Kb6 69. Qd6+ {Black resigns} 1-0

[Event "Team 45 45 League T82"]
[Site "Internet Chess Club"]
[Date "2019.10.05"]
[Round "2"]
[White "howah45"]
[Black "pagliaci"]
[Result "1/2-1/2"]
[WhiteElo "1215"]
[BlackElo "1220"]
[Opening "French: advance, Paulsen attack"]
[ECO "C02"]
[Time "09:05:46"]
[TimeControl "2700+45"]

1. e4 e6 2. d4 d5 3. e5 c5 4. c3 Nc6 5. Nf3 Qb6 6. g3 Bd7 7. Bg2 Rc8 8. O-O Nge7
9. Bh3 Ng6 10. Qd3 Be7 11. Nbd2 O-O 12. Re1 cxd4 13. Nxd4 Bc5 14. N2f3 Nxd4 15.
Nxd4 f6 16. exf6 Rxf6 17. Bg5 Rf7 18. Bxe6 Bxe6 19. Rxe6 Qxb2 20. Ree1 {Game
drawn by mutual agreement} 1/2-1/2

[Event "Team 45 45 League T82"]
[Site "Internet Chess Club"]
[Date "2019.10.07"]
[Round "2"]
[White "isaac13"]
[Black "oldbookseller"]
[Result "0-1"]
[WhiteElo "1107"]
[BlackElo "1026"]
[Opening "Queen's gambit declined"]
[ECO "D30"]
[Time "15:02:11"]
[TimeControl "2700+45"]

1. d4 d5 2. c4 e6 3. b3 Nf6 4. Nc3 Bb4 5. Bd2 Nbd7 6. e3 O-O 7. Nf3 dxc4 8. Bxc4
Nb6 9. Bd3 Nbd5 10. Qc2 Qd6 11. O-O c5 12. Nb5 Qb6 13. a3 Ba5 14. dxc5 Qd8 15.
b4 Bc7 16. e4 Ng4 17. g3 Qf6 18. exd5 Qxf3 19. Nxc7 g6 20. Nxa8 exd5 21. Bf4 Ne5
22. Bxe5 Bh3 23. Rfe1 Qg2# {White checkmated} 0-1

[Event "Team 45 45 League T82"]
[Site "Internet Chess Club"]
[Date "2019.10.02"]
[Round "2"]
[White "dld6928"]
[Black "KidRattler"]
[Result "0-1"]
[WhiteElo "1344"]
[BlackElo "1622"]
[Opening "Sicilian: Hungarian variation"]
[ECO "B27"]
[Time "20:04:40"]
[TimeControl "2700+45"]

1. e4 c5 2. Nf3 g6 3. c3 Bg7 4. d4 cxd4 5. cxd4 e6 6. Nc3 Qb6 7. e5 Ne7 8. Be2
O-O 9. O-O d5 10. exd6 Nf5 11. d5 Nxd6 12. dxe6 Bxe6 13. Be3 Qxb2 14. Qxd6 Qxc3
15. Rac1 Qa5 16. Rc2 Nc6 17. Bd2 Rad8 18. Qxf8+ Bxf8 19. Bxa5 Nxa5 20. Rd1 Rxd1+
21. Bxd1 Bf5 22. Rc7 Bd6 23. Rc3 f6 24. Bc2 Bb4 25. Rc7 Bxc2 26. Rxc2 Nc6 27.
Nd2 Kf7 28. Kf1 Ke6 29. Nf3 g5 30. Ke2 g4 31. Rxc6+ bxc6 32. Nd4+ Kd5 33. Nc2 c5
34. Ne3+ Kd4 35. Nxg4 Kc3 36. Nxf6 Kb2 37. f4 Kxa2 38. Kd3 Kb3 39. Nxh7 c4+ 40.
Ke2 c3 41. Kd1 c2+ 42. Kc1 Kc3 43. f5 Ba3# {White checkmated} 0-1

[Event "Team 45 45 League T82"]
[Site "Internet Chess Club"]
[Date "2019.10.04"]
[Round "2"]
[White "bardu"]
[Black "Pawnchain"]
[Result "1-0"]
[WhiteElo "1364"]
[BlackElo "1451"]
[Opening "Benkö gambit accepted"]
[ECO "A58"]
[Time "14:13:00"]
[TimeControl "2700+5"]

1. d4 Nf6 2. c4 c5 3. d5 b5 4. cxb5 a6 5. bxa6 g6 6. Nc3 Bxa6 7. Nf3 Bg7 8. g3
O-O 9. Bg2 d6 10. O-O Nbd7 11. Rb1 Nb6 12. b3 Bb7 13. e4 Ng4 14. Qc2 Ba6 15. Re1
Nd7 16. Bb2 Nge5 17. Nxe5 Nxe5 18. f4 Nd3 19. e5 Nxe1 20. Rxe1 Qa5 21. e6 fxe6
22. dxe6 Rab8 23. Be4 c4 24. Bxg6 hxg6 25. Qxg6 Qc5+ 26. Kh1 Qf2 27. Nd5 Qxe1+
28. Kg2 Qe2+ 29. Kh3 Qxb2 30. Nxe7+ Kh8 31. Qh5+ Bh6 32. Qxh6# {Black
checkmated} 1-0

[Event "Team 45 45 League T82"]
[Site "Internet Chess Club"]
[Date "2019.10.07"]
[Round "2"]
[White "jeffk"]
[Black "guyd52"]
[Result "0-1"]
[WhiteElo "1137"]
[BlackElo "1283"]
[Opening "Pirc: classical (two knights) system"]
[ECO "B06"]
[Time "19:01:00"]
[TimeControl "2700+45"]

1. e4 g6 2. d4 Bg7 3. Nf3 d6 4. Nc3 Nf6 5. Bb5+ Bd7 6. Bxd7+ Nbxd7 7. O-O O-O 8.
Bf4 Nh5 9. Qd2 Nxf4 10. Qxf4 e5 11. dxe5 Nxe5 12. Rad1 Nc4 13. Rb1 Bxc3 14. bxc3
b6 15. Qh6 Qf6 16. Ng5 Qg7 17. Qxg7+ Kxg7 18. Rb4 Ne5 19. f4 Ng4 20. f5 Ne3 21.
Rf2 h6 22. f6+ Kg8 23. Nf3 Ng4 24. Re2 Nxf6 25. e5 Nd5 26. Rc4 Rfe8 27. Kf2 dxe5
28. Nxe5 c5 29. Kf3 Re6 30. Ke4 Rd8 31. Rf2 f6 {White resigns} 0-1